 Dungeon Crawl Stone Soup version 0.18.1-48-g4cf74bf (webtiles) character file.

21573 WarriorsX the Carver (level 13, 0/154 HPs)
             Began as a Human Fighter on July 31, 2016.
             Slain by a hell rat (2 damage)
             ... on level 3 of the Lair of Beasts.
             The game lasted 01:14:30 (19093 turns).

WarriorsX the Carver (Human Fighter)               Turns: 19093, Time: 01:14:32

Health: 0/154      AC: 20    Str: 28    XL:     13   Next: 21%
Magic:  17/17      EV:  6    Int: 11    God:
Gold:   590        SH: 12    Dex: 12    Spells: 0 memorised, 12 levels left

rFire  + . .     SeeInvis .     C - +2 mace (crush)
rCold  . . .     Gourm    .     n - +0 plate armour
rNeg   . . .     Faith    .     c - +0 shield
rPois  .         Spirit   .     b - +0 helmet
rElec  .         Dismiss  .     B - +2 cloak {MR+}
rCorr  +         Reflect  .     y - +0 pair of gloves
SustAt .         Harm     .     o - +0 pair of boots
MR     +....     Clarity  +     i - amulet of rage
Stlth  ..........               l - ring of resist corrosion
                                J - +3 ring of strength

@: berserking, heavily drained, very quick, somewhat resistant to hostile
enchantments, extremely unstealthy
A: clarity, fire resistance 1
a: Evoke Berserk Rage


You were on level 3 of the Lair of Beasts.
You were hungry.

You visited 3 branches of the dungeon, and saw 15 of its levels.

You collected 590 gold pieces.

Inventory:

Hand Weapons
 A - a +0 long sword of slicing
 C - a +2 mace of crushing (weapon)
Armour
 b - a +0 helmet (worn)
 c - a +0 shield (worn)
 n - a +0 plate armour (worn)
 o - a +0 pair of boots (worn)
 y - a +0 pair of gloves (worn)
 B - a +2 cloak of magic resistance (worn)
Jewellery
 i - an amulet of rage (around neck)
 l - a ring of resist corrosion (right hand)
 m - an uncursed amulet of magic regeneration
 J - a +3 ring of strength (left hand)
Wands
 q - a wand of flame (28/48)
 s - a wand of enslavement (16/24)
 F - a wand of iceblast (10/15)
 G - a wand of lightning (7/15)
 N - a wand of paralysis (16/24)
Scrolls
 e - 4 scrolls of teleportation
 g - a scroll of amnesia
 h - 6 scrolls of identify
 j - 6 scrolls of remove curse
 k - a scroll of holy word
 p - a scroll of magic mapping
 t - a scroll of recharging
Potions
 a - a potion of magic
 d - a potion of haste
 O - 2 potions of agility
Books
 P - a book of Envenomations

   Spells                             Type                      Level
   a - Spider Form                    Transmutation/Poison         3
   b - Olgreb's Toxic Radiance        Poison                       4
   c - Alistair's Intoxication        Transmutation/Poison         5
   d - Poisonous Cloud                Conjuration/Poison/Air       6
Miscellaneous
 L - a stone of tremors
Comestibles
 f - 5 bread rations
 r - 3 beef jerkies
 u - 14 royal jellies
 v - 7 fruits
 w - 4 meat rations


   Skills:
 - Level 10.0(7.6) Fighting
 - Level 10.4(8.0) Long Blades
 - Level 6.0(3.8) Maces & Flails
 - Level 10.0(7.6) Armour
 - Level 10.0(7.6) Shields
 + Level 6.5(4.3) Evocations


You had 12 spell levels left.
You didn't know any spells.

Dungeon Overview and Level Annotations

Branches:
Dungeon (11/15)            Temple (1/1) D:7            Lair (3/8) D:8
    Orc (0/2) D:11
  Swamp: Lair:3-6    Shoals: Lair:3-6     Snake: Lair:3-6    Spider: Lair:3-6

Altars:
Ashenzari
Cheibriados
Dithmenos
Elyvilon
Fedhas
Gozag
Kikubaaqudgha
Makhleb
Nemelex Xobeh
Okawaru
Pakellas
Qazlal
Ru
Sif Muna
Trog
Vehumet
Xom
Yredelemnul
Zin
The Shining One

Shops:
D:7 }[

Annotations:
D:3 Inkary's ghost, amateur DrFi


Innate Abilities, Weirdness & Mutations

You possess an exceptional clarity of mind.
Your flesh is heat resistant.


Message History

The hell rat is heavily wounded.
You block the hell rat's attack. x2; The hell rat barely misses you.
You barely miss the hell rat.
The hell rat is heavily wounded.
The hell rat bites you!
* * * LOW HITPOINT WARNING * * *
You block the hell rat's attack.
The hell rat bites you but does no damage.
Your shield and plate armour prevent you from hitting the hell rat.
The hell rat is heavily wounded.
You block the hell rat's attack. The hell rat completely misses you.
You block the hell rat's attack.
Your shield and plate armour prevent you from hitting the hell rat.
The hell rat is heavily wounded.
The hell rat bites you!
* * * LOW HITPOINT WARNING * * *
You block the hell rat's attack. The hell rat bites you.
* * * LOW HITPOINT WARNING * * *
You feel drained.
You die...

#..†..###... ..#..<..#.#8.> .
.. #.......#... ..
.####....##...# ..
...##..8.##..... ..######
###.....#....#...##
.....#.#####
##..##...........##
......#.##.###.r####.........##
#.......P..#...r@##.#........#
#.......[......r###.###....###
.%..........#..## #.8..##
....Pr..######.†# ##.#...#
....P...# #...# ##....###
.%......# ###.## ##..#.##
.......## #..# #P..### .....PP#
#..###..## ###.#### #P...#..#


You could see 3 hell rats.

Vanquished Creatures
  4 hydras
  3 hill giants
  2 ugly things (D:11)
  A centaur zombie (D:10)
  3 black mambas (Lair:1)
  A torpor snail (Lair:1)
  A centaur skeleton (D:9)
  5 spiny frogs (Lair:2)
  A rime drake (Lair:1)
  A komodo dragon (D:8)
  A queen bee (Lair:1)
  3 trolls
  A wraith (D:11)
  A wyvern (D:10)
  11 yaks
  5 hippogriffs
  A hungry ghost (D:8)
  A mottled dragon (D:11)
  Edmund (D:6)
  15 water moccasins
  5 porcupines
  A phantom (D:4)
  A black bear (D:9)
  4 orc warriors
  A necrophage (D:10)
  9 ogres
  4 centaurs
  10 crocodiles
  A big kobold (D:9)
  13 giant frogs
  6 scorpions
  A wyvern skeleton (D:11)
  4 wights (D:8)
  24 killer bees (Lair:1)
  2 howler monkeys
  5 crimson imps
  2 giant frog skeletons
  4 hounds
  5 jellies
  4 orc priests
  9 orc wizards
  Crazy Yiuf (D:6)
  8 iguanas
  6 worker ants
  5 hell rats
  9 sheep
  A hound zombie (D:7)
  A hound skeleton (D:8)
  2 worker ant zombies
  5 gnolls
  A howler monkey skeleton (D:9)
  12 adders
  18 river rats
  2 adder skeletons (D:8)
  An adder zombie (D:7)
  7 giant geckos
  27 orcs
  A ball python (D:7)
  4 giant cockroaches
  6 goblins
  7 hobgoblins
  11 jackals
  6 quokkas
  6 bats (D:1)
  A giant cockroach zombie (D:5)
  A giant newt (D:5)
  2 jackal skeletons
  15 kobolds
  A quokka skeleton (D:7)
  6 rats
  A plant (D:8)
351 creatures vanquished.

Vanquished Creatures (others)
  A deep elf knight (D:2)
  An orc (D:10)
  3 fungi
  3 plants
8 creatures vanquished.

Grand Total: 359 creatures vanquished

Notes
Turn   | Place    | Note
--------------------------------------------------------------
     0 | D:1      | WarriorsX the Human Fighter began the quest for the Orb.
     0 | D:1      | Reached XP level 1. HP: 18/18 MP: 1/1
    82 | D:1      | Reached XP level 2. HP: 24/24 MP: 2/2
   122 | D:1      | HP: 1/24 [gnoll (1)]
   124 | D:1      | Reached XP level 3. HP: 1/29 MP: 3/3
   895 | D:2      | Reached XP level 4. HP: 37/37 MP: 4/4
  1183 | D:2      | Found a faded altar to an unknown god.
  1275 | D:2      | Found an iron altar of Okawaru.
  1505 | D:2      | Found an oddly glowing altar of Pakellas.
  1506 | D:2      | Noticed a deep elf knight
  1512 | D:2      | Killed a deep elf knight
  1761 | D:3      | Reached XP level 5. HP: 21/42 MP: 5/5
  1914 | D:3      | Noticed Inkary's ghost (amateur DrFi)
  2190 | D:4      | Noticed an ogre
  2212 | D:5      | Entered Level 5 of the Dungeon
  2550 | D:5      | Reached XP level 6. HP: 18/49 MP: 6/6
  2722 | D:4      | Reached skill level 5 in Long Blades
  3124 | D:4      | Reached XP level 7. HP: 35/55 MP: 7/7
  3839 | D:4      | Reached skill level 5 in Fighting
  3839 | D:4      | Reached skill level 1 in Evocations
  4069 | D:5      | Reached XP level 8. HP: 62/62 MP: 8/8
  4672 | D:6      | Noticed Edmund
  4680 | D:6      | Killed Edmund
  4680 | D:6      | Reached skill level 5 in Armour
  4733 | D:6      | Noticed Crazy Yiuf
  4738 | D:6      | Killed Crazy Yiuf
  5472 | D:6      | Found a sparkling altar of Nemelex Xobeh.
  5474 | D:6      | Found a glowing golden altar of the Shining One.
  5475 | D:6      | Found a white marble altar of Elyvilon.
  5703 | D:6      | Reached XP level 9. HP: 36/68 MP: 10/10
  5865 | D:6      | Found a shattered altar of Ashenzari.
  6206 | D:7      | Found Axtoanus's Gadget Shop.
  6651 | D:7      | Found Laanud's Antique Armour Shoppe.
  6960 | D:7      | Found a staircase to the Ecumenical Temple.
  7000 | Temple   | Entered the Ecumenical Temple
  7435 | D:8      | Found a staircase to the Lair.
  7436 | D:8      | Noticed a komodo dragon
  7455 | D:8      | Killed a komodo dragon
  7571 | D:8      | Found a stormy altar of Qazlal.
  7581 | D:8      | Reached skill level 5 in Evocations
  7634 | D:8      | Reached XP level 10. HP: 44/76 MP: 13/13
  7993 | D:8      | Reached skill level 5 in Shields
  8167 | D:8      | Paralysed by fainting for 8 turns
  8198 | D:8      | Paralysed by fainting for 11 turns
  9375 | D:10     | Entered Level 10 of the Dungeon
 10302 | D:10     | Noticed a hill giant
 10316 | D:10     | Killed a hill giant
 10316 | D:10     | Reached XP level 11. HP: 47/84 MP: 14/14
 10859 | D:10     | Noticed a hill giant
 10871 | D:10     | Killed a hill giant
 11461 | D:11     | Reached skill level 1 in Maces & Flails
 11534 | D:11     | Noticed a red ugly thing
 11550 | D:11     | Killed a red ugly thing
 11782 | D:11     | Noticed a red ugly thing
 11802 | D:11     | Killed a red ugly thing
 11809 | D:11     | Gained mutation: You possess an exceptional clarity of mind. [mutagenic meat]
 11811 | D:11     | Gained mutation: Your flesh is heat resistant. [mutagenic meat]
 12061 | D:11     | Found a staircase to the Orcish Mines.
 12217 | D:11     | Noticed a hill giant
 12229 | D:11     | Killed a hill giant
 12229 | D:11     | Reached skill level 5 in Maces & Flails
 12555 | Lair:1   | Entered Level 1 of the Lair of Beasts
 12573 | Lair:1   | Noticed a six-headed hydra
 12716 | D:8      | Killed a six-headed hydra
 12765 | Lair:1   | Reached XP level 12. HP: 61/93 MP: 15/15
 13073 | Lair:1   | Noticed an eight-headed hydra
 13104 | Lair:1   | Killed an eight-headed hydra
 13104 | Lair:1   | Reached skill level 10 in Long Blades
 13389 | Lair:1   | Noticed a seven-headed hydra
 13405 | Lair:1   | Killed a seven-headed hydra
 13431 | Lair:1   | HP: 4/94 [poisoned by a water moccasin]
 17236 | Lair:2   | Reached skill level 10 in Shields
 17552 | Lair:2   | Reached skill level 10 in Armour
 17557 | Lair:2   | Reached XP level 13. HP: 87/101 MP: 16/16
 18380 | Lair:2   | Reached skill level 10 in Fighting
 18866 | Lair:3   | Noticed a seven-headed hydra
 18894 | Lair:3   | Killed a seven-headed hydra
 19093 | Lair:3   | HP: 6/154 [hell rat (11)]
 19093 | Lair:3   | HP: 2/154 [hell rat (4)]
 19093 | Lair:3   | Slain by a hell rat

Skill      XL: |  1  2  3  4  5  6  7  8  9 10 11 12 13 |
---------------+----------------------------------------+-----
Fighting       | 4 5 6 7 8 9 10 | 10.0
Long Blades    | 3 4 5 6 7 8 9 10 | 10.4
Armour         | 4 5 6 7 8 10 | 10.0
Evocations     | 1 2 5 6 |  6.5
Shields        | 4 7 8 10 | 10.0
Maces & Flails | 6 |  6.0

Action                   |  1- 3 |  4- 6 |  7- 9 | 10-12 | 13-15 || total
-------------------------+-------+-------+-------+-------+-------++-------
Melee: Long sword        |   112 |   178 |   372 |  1063 |   147 ||  1872
       Mace              |       |       |       |   100 |    28 ||   128
 Abil: Evoke Berserk Rag |       |     2 |     9 |    13 |     3 ||    27
Evoke: Wand              |       |       |       |    12 |     1 ||    13
  Use: Potion            |       |     4 |     2 |     9 |     2 ||    17
       Scroll            |       |       |     4 |    17 |       ||    21
 Stab: Paralysed         |       |       |       |    16 |    11 ||    27
       Invisible         |       |       |       |     1 |       ||     1
  Eat: Chunk             |       |     8 |    21 |    38 |     6 ||    73
       Beef jerky        |       |       |     1 |     1 |       ||     2
       Pizza             |       |       |       |     2 |     1 ||     3
       Meat ration       |       |       |       |     1 |       ||     1
       Bread ration      |       |       |       |     1 |       ||     1
Armor: Scale mail        |    75 |    61 |   144 |     8 |       ||   288
       Plate armour      |       |       |       |   596 |   104 ||   700
Dodge: Dodged            |    42 |    38 |    91 |   219 |    58 ||   448
Block: Shield            |    68 |    74 |   151 |   696 |   132 ||  1121
